 Dungeon Crawl Stone Soup version 0.31.0-32-g396128a36d (webtiles) character file.

Game seed: 2639700754627860032

705 Peloso the Covered (level 7, -8/60 HPs)
             Began as a Minotaur Fighter on Mar 10, 2024.
             Was a Follower of Okawaru.
             Mangled by Menkaure (17 damage)
             ... on level 5 of the Dungeon.
             The game lasted 00:08:07 (4891 turns).

Peloso the Covered (Minotaur Fighter)               Turns: 4891, Time: 00:08:08

Health: -8/60      AC: 11    Str: 20    XL:     7   Next: 39%
Magic:  6/6        EV:  8    Int:  5    God:    Okawaru [*.....]
Gold:   302        SH: 10    Dex: 12    Spells: 6/6 levels left

rFire   . . .        a - +0 long sword
rCold   + . .        d - +0 buckler
rNeg    . . .        x - +0 chain mail
rPois   .            (helmet restricted)
rElec   .            (no cloak)
rCorr   .            (no gloves)
SInv    .            c - +0 pair of boots
Will    .....        f - amulet of reflection Stlth
                     h - ring of protection from cold
HPRegen 0.30/turn    (no ring)
MPRegen 0.10/turn

%: reflection
@: no status effects
A: horns 2, retaliatory headbutt
a: Renounce Religion, Heroism


You were on level 5 of the Dungeon.
You worshipped Okawaru.
Okawaru was aware of your devotion.
You visited 2 branches of the dungeon, and saw 6 of its levels.

You collected 302 gold pieces.

Inventory:

Hand Weapons
 a - a +0 long sword (weapon)
Missiles
 s - 2 throwing nets (quivered)
Armour
 b - a +0 scale mail
 c - a +0 pair of boots (worn)
 d - a +0 buckler (worn)
 x - a +0 chain mail (worn)
 A - a +0 plate armour
Jewellery
 f - an amulet of reflection (around neck)
 h - a ring of protection from cold (left hand)
Wands
 w - a wand of flame (36)
Scrolls
 i - a scroll of silence {unknown}
 j - 7 scrolls of identify {unknown}
 n - a scroll of torment {unknown}
 r - a scroll of vulnerability
 t - a scroll of enchant armour {unknown}
 u - 2 scrolls of noise {unknown}
 v - 2 scrolls of teleportation {unknown}
 y - a scroll of fog {unknown}
 B - 3 scrolls of revelation {unknown}
Potions
 e - a potion of resistance {unknown}
 g - a potion of brilliance
 k - a potion of enlightenment
 l - 5 potions of might
 m - a potion of ambrosia {unknown}
 o - a potion of invisibility
 p - a potion of heal wounds
 q - a potion of attraction {unknown}
 z - a potion of mutation {unknown}


   Skills:
 + Level 4.5 Fighting
 + Level 6.1 Long Blades
 + Level 6.2 Armour
 + Level 2.0 Dodging
 + Level 0.2 Stealth
 + Level 5.9 Shields


You had 6 spell levels left.
You didn't know any spells.
Your spell library contained the following spells:

 Spells                   Type           Power      Damage    Failure   Level
 Sublimation of Blood     Necr           0%         N/A       100%        2
 Petrify                  Alch/Erth      0%         N/A       100%        4
 Irradiate                Conj/Alch      0%         3d11      100%        5


Dungeon Overview and Level Annotations

Branches:
Dungeon (5/15)             Temple (1/1) D:4

Altars:
Ashenzari
Dithmenos
Elyvilon
Fedhas
Gozag
Hepliaklqana
Kikubaaqudgha
Makhleb
Nemelex Xobeh
Okawaru
Qazlal
Ru
Sif Muna
Uskayaw
Vehumet
Wu Jian
Xom
Yredelemnul
Zin
The Shining One

Annotations:
D:5 Menkaure


Innate Abilities, Weirdness & Mutations

You have a pair of horns on your head.
You reflexively headbutt those who attack you in melee.


Message History

Items here: )) [ ††.
HP restored.
Items here: ( )) †.
Items here: ( ))) [ †.
You now have 293 gold pieces (gained 6).
Found a stone staircase leading up.
There is a stone staircase leading up here.
w - a wand of flame (36) (gained 21 charges)
Found 6 stones.
You now have 302 gold pieces (gained 9).
Found a stone staircase leading down.
There is a stone staircase leading down here.
B - 3 scrolls labelled ECUPTAO HOEC
Things that are here:
a +0 trident; a +0 leather armour Menkaure, Prince of Dust comes into view.
Menkaure shouts!
Menkaure is nearby!
Menkaure is nearby!
Found a stone staircase leading down.
Menkaure calls on the powers of darkness!
Your body is wracked with pain!
Menkaure hits you.
You hit Menkaure.
Menkaure is moderately damaged.
Menkaure calls on the powers of darkness!
Your body is wracked with pain!
* * * LOW HITPOINT WARNING * * *
You hit Menkaure but do no damage.
Menkaure is moderately damaged.
You block Menkaure's attack.
You hit Menkaure.
Menkaure is moderately damaged.
Menkaure calls on the powers of darkness!
Your body is wracked with pain!
* * * LOW HITPOINT WARNING * * *
You hit Menkaure.
Menkaure is heavily damaged.
Menkaure hits you!
You die...

.....(....## #...#
....####### #...# #....#
#...####### ....#
#.........### ...>.##
#............
.......#####............
#..........#............
#.....M....#............
#......@...#............
##.........#............
.....................)..
...........#####...<)...
.........### #.....)).
#......### #########
#######


You could see Menkaure.

Vanquished Creatures
  An orc warrior (D:5)
  A scorpion (D:4)
  A jelly (D:4)
  2 hounds (D:4)
  2 orc priests (D:5)
  Ijyb (D:4)
  An iguana (D:5)
  A sleepcap (D:4)
  2 orc wizards (D:5)
  15 gnolls
  2 adders
  A white imp (D:5)
  2 ribbon worms (D:2)
  15 orcs
  8 bats
  7 endoplasms
  3 giant cockroaches
  5 goblins
  7 hobgoblins
  7 jackals
  2 quokkas
  7 ball pythons
  8 kobolds
  4 rats
105 creatures vanquished.

Notes
Turn   | Place    | Note
-------+----------+-------------------------------------------
     0 | D:1      | Peloso the Minotaur Fighter began the quest for the Orb.
     0 | D:1      | Reached XP level 1. HP: 19/19 MP: 0/0
   197 | D:1      | Reached XP level 2. HP: 27/27 MP: 1/1
  1025 | D:2      | Reached XP level 3. HP: 33/33 MP: 2/2
  2017 | D:2      | Reached XP level 4. HP: 12/40 MP: 3/3
  2536 | D:3      | Found a blossoming altar of Fedhas.
  2666 | D:3      | Found a faded altar of an unknown god.
  3246 | D:4      | Reached skill level 5 in Armour
  3250 | D:4      | Reached XP level 5. HP: 39/46 MP: 4/4
  3353 | D:4      | Found a staircase to the Ecumenical Temple.
  3366 | Temple   | Entered the Ecumenical Temple
  3384 | Temple   | Became a worshipper of Warmaster Okawaru
  3458 | D:4      | Reached skill level 5 in Shields
  3458 | D:4      | Reached XP level 6. HP: 51/52 MP: 5/5
  3472 | D:4      | Reached skill level 5 in Long Blades
  3507 | D:4      | Reached skill level 1 in Dodging
  3907 | D:4      | Noticed Ijyb
  3932 | D:4      | Killed Ijyb
  4138 | D:5      | Entered Level 5 of the Dungeon
  4271 | D:5      | Reached XP level 7. HP: 13/60 MP: 6/6
  4633 | D:5      | Reached * piety under Okawaru
  4883 | D:5      | Noticed Menkaure
  4891 | D:5      | Mangled by Menkaure

Illustrated notes

Levels and vault maps discovered:
D:1:      dpeg_arrival_three_bigger_balls, layout_basic, nicolae_grassy_gnolls
D:2:      layout_basic
D:3:      layout_loops_cross, mainiacjoe_overflow_cross_hatched,
          ebering_ecumenical_altar_mist
D:4:      layout_basic, minmay_temple_entry_glassed_door, uniq_ijyb
D:5:      layout_cave_pods, guppyfry_early_orc_mine, uniq_edmund, uniq_menkaure
Temple:   nicolae_temple_bog_church

Skill      XL: |  1  2  3  4  5  6  7 |
---------------+----------------------+-----
Armour         | 4 5 6 |  6.2
Shields        | 4 5 |  5.9
Long Blades    | 3 4 5 6 |  6.1
Fighting       | 4 |  4.5
Dodging        | 1 2 |  2.0
Stealth        | |  0.2

Action                     |  1- 3 |  4- 6 |  7- 9 || total
---------------------------+-------+-------+-------++-------
  Melee: Long sword        |   104 |   175 |    53 ||   332
         Headbutt          |    15 |    36 |     5 ||    56
    Use: Potion            |     6 |       |       ||     6
         Scroll            |     1 |       |       ||     1
 Armour: Scale mail        |    90 |    62 |       ||   152
         Chain mail        |       |    47 |    31 ||    78
  Dodge: Dodged            |    59 |    57 |     8 ||   124
  Block: Buckler           |    20 |    95 |    19 ||   134
         Reflection        |       |     3 |       ||     3
